 Dungeon Crawl Stone Soup version 0.29.1-2-gbd0b4ee654 (webtiles) character file.

Game seed: 12467778292181854577

74 KittyFluff the Trooper (level 4, 0/29 HPs)
             Began as a Gargoyle Berserker on Oct 27, 2022.
             Was a Believer of Trog.
             Slain by an orc wizard
             ... wielding a +3 dagger
              (2 damage)
             ... on level 4 of the Dungeon.
             The game lasted 00:13:54 (3060 turns).

KittyFluff the Trooper (Gargoyle Berserker)         Turns: 3060, Time: 00:13:55

Health: 0/29       AC:  7    Str: 20    XL:     4   Next: 30%
Magic:  4/4        EV: 12    Int:  8    God:    Trog [**....]
Gold:   203        SH:  0    Dex: 11    Spells: 3/3 levels left

rFire   . . .      SeeInvis .   a - +0 mace
rCold   . . .      Faith    .   (no shield)
rNeg    + . .      Spirit   .   b - +0 animal skin
rPois   ∞          Reflect  +   (no helmet)
rElec   +          Harm     .   (no cloak)
rCorr   .          Rampage  .   (no gloves)
Will    .....                   p - +0 pair of boots
Stlth   +.........              s - amulet of reflection
HPRegen 0.09/turn               (no ring)
MPRegen 0.09/turn               (no ring)

@: confused, on berserk cooldown, slowed, very slow
A: sickness immunity, AC +3, negative energy resistance 1, electricity
resistance, torment resistance 1, petrification resistance
a: Renounce Religion, Berserk, Trog's Hand


You were on level 4 of the Dungeon.
You worshipped Trog.
Trog was pleased with you.
You visited 1 branch of the dungeon, and saw 4 of its levels.

You collected 203 gold pieces.

Inventory:

Hand Weapons
 a - a +0 mace (weapon)
 r - the +1 hand axe "Ipsut" {spect, rPois rF++ Will+ Stlth-}
   (You found it on level 3 of the Dungeon)

   When its wielder attacks, the weapon's spirit leaps out and strikes again.
   The spirit shares a part of any damage it takes with its wielder.
   rF:        It greatly protects you from fire.
   rPois:     It protects you from poison.
   Will:      It increases your willpower.
   Stlth:     It makes you less stealthy.
Missiles
 f - 8 boomerangs (quivered)
 w - 3 poisoned darts
 x - 5 atropa-tipped darts
Armour
 b - a +0 animal skin (worn)
 h - a +0 leather armour
 p - a +0 pair of boots (worn)
Magical Staves
 n - a staff of earth
Jewellery
 s - an amulet of reflection (around neck)
Scrolls
 d - a scroll of silence {unknown}
 e - a scroll of poison {unknown}
 g - 2 scrolls of fear {unknown}
 i - a scroll of blinking {unknown}
 j - 3 scrolls of teleportation {unknown}
 m - 2 scrolls of vulnerability {unknown}
 q - a scroll of magic mapping {unknown}
 v - a scroll of butterflies {unknown}
Potions
 c - 3 potions of lignification
 k - 2 potions of haste
 l - a potion of invisibility
 o - a potion of might
 t - a potion of heal wounds {unknown}
 u - a potion of degeneration {unknown}


   Skills:
 + Level 3.8 Fighting
 + Level 3.6 Maces & Flails
 * Level 3.1 Armour
 + Level 2.1 Dodging
 + Level 0.7 Stealth


You had 3 spell levels left.
You didn't know any spells.
Your spell library was empty.

Dungeon Overview and Level Annotations

Branches:
Dungeon (4/15)
 Temple: D:4-7

Altars:
Ashenzari
Kikubaaqudgha


Innate Abilities, Weirdness & Mutations

You are immune to sickness and miasma.
Your stone body is resilient. (AC +3)
You are immune to poison.
You resist negative energy. (rN+)
You are resistant to electric shocks. (rElec)
You are resistant to unholy torment.
You are immune to petrification.


Message History

You miss the orc wizard.
The orc wizard is heavily wounded.
The orc wizard hits you but does no damage.
A red film seems to cover your vision as you go berserk!
You feel yourself moving faster!
You feel mighty!
The orc wizard points at you and mumbles some strange words.
The puff of flame hits you!
* * * LOW HITPOINT WARNING * * *
You thump the orc wizard!
You kill the orc wizard!
Trog accepts your kill.
Trog appreciates your killing of a magic user.
Your Armour skill increases to level 3!
You have reached level 4!
You feel clever.
You miss the goblin. You sock the goblin!
You kill the goblin!
Trog accepts your kill.
You barely miss something. Something hits you.
* * * LOW HITPOINT WARNING * * *
You closely miss something.
You hear some strange, mumbled words.
You are confused.
You're too confused to move!
Something hits you but does no damage.
You sock something! You miss something.
You're too confused to move!
Something hits you.
* * * LOW HITPOINT WARNING * * *
You barely miss something.
You hear some strange, mumbled words.
A puff of flame appears from out of thin air!
The puff of flame hits you but does no damage.
You bump into the rock wall.
You bump into the rock wall.
You feel a strong urge to attack something.
You are no longer berserk.
You are exhausted.
You feel yourself slow down. Something hits you.
You die...

# #......#.# #>
#........#
####>##........#
..............##
##
####.#.......##
#..
............##
##...
.....#.<.####
......########.##
#.o{@.......#
......##########
#####


You could see an orc.

Vanquished Creatures
  An orc wizard (D:4)
  A worm (D:3)
  2 dart slugs
  4 ball pythons
  A bat zombie (D:4)
  6 endoplasms
  4 goblins
  3 hobgoblins (D:1)
  A quokka (D:1)
  4 bats
  3 frilled lizards
  3 kobolds
  7 rats
  A rat zombie (D:4)
41 creatures vanquished.

Notes
Turn   | Place    | Note
-------+----------+-------------------------------------------
     0 | D:1      | KittyFluff the Gargoyle Berserker began the quest for the
                  | Orb.
     0 | D:1      | Reached XP level 1. HP: 14/14 MP: 1/1
   148 | D:1      | Found a faded altar of an unknown god.
   211 | D:1      | Reached XP level 2. HP: 19/19 MP: 2/2
   876 | D:2      | Reached XP level 3. HP: 24/24 MP: 3/3
  1760 | D:3      | Identified the +1 hand axe "Ipsut" {spect, rPois rF++ Will+
                  | Stlth-}
  1782 | D:3      | Found a broken altar of Ashenzari.
  1829 | D:3      | Reached ** piety under Trog
  2883 | D:4      | Found an ancient bone altar of Kikubaaqudgha.
  3050 | D:4      | Reached XP level 4. HP: 6/29 MP: 4/4
  3060 | D:4      | Slain by an orc wizard

Illustrated notes

Levels and vault maps discovered:
D:1:      dpeg_arrival_signposts, layout_rooms,
          dreamdust_ecumenical_altar_statues
D:2:      layout_basic
D:3:      minmay_wonky_spiral, layout_rooms, ashenzari_altar_1
D:4:      layout_loops_ring, lemuel_zombie_altar_kikubaaqudgha,
          patterned_corridor

Skill      XL: |  1  2  3 |
---------------+----------+-----
Dodging        | 2 |  2.1
Armour         | 3 |  3.1
Fighting       | |  3.8
Maces & Flails | |  3.6
Stealth        | |  0.7

Action                   |  1- 3 |  4- 6 || total
-------------------------+-------+-------++-------
Melee: Mace              |   108 |     7 ||   115
       Punch             |     1 |       ||     1
Invok: Berserk           |     2 |       ||     2
  Use: Scroll            |     6 |       ||     6
Armor: Animal skin       |    38 |     2 ||    40
Dodge: Dodged            |    75 |       ||    75
Block: Other             |     3 |       ||     3
